 Dungeon Crawl Stone Soup version 0.29-a0-284-gf9362112df (webtiles) character file.

Game seed: 7737257763033436479

5 freelancePsychic the Changer (level 1, -4/14 HPs)
             Began as a Formicid Wanderer on Mar 18, 2022.
             Slain by a kobold
             ... wielding a +0 whip of electrocution
              (18 damage)
             ... on level 1 of the Dungeon.
             The game lasted 00:01:00 (422 turns).

freelancePsychic the Changer (Formicid Wanderer)     Turns: 422, Time: 00:01:00

Health: -4/14      AC:  3    Str: 17    XL:     1   Next: 88%
Magic:  2/2        EV: 11    Int: 11    God:
Gold:   30         SH:  0    Dex:  9    Spells: 1/2 levels left

rFire   . . .      SeeInvis +   a - +0 short sword
rCold   . . .      Faith    .   (no shield)
rNeg    . . .      Spirit   .   e - +0 leather armour
rPois   .          Reflect  .   (helmet unavailable)
rElec   .          Harm     .   (no cloak)
rCorr   .          Rampage  .   (no gloves)
Will    .....                   (no boots)
Stlth   +.........              (no amulet)
HPRegen 0.04/turn               (no ring)
MPRegen 0.08/turn               (no ring)

@: no status effects
A: permanent stasis, dig shafts and tunnels, antennae 3, four strong arms
a: Dig, Shaft Self


You were on level 1 of the Dungeon.
You visited 1 branch of the dungeon, and saw 1 of its levels.

You collected 30 gold pieces.

Inventory:

Hand Weapons
 a - a +0 short sword (weapon)
 c - a +0 dagger
Missiles
 b - 10 poisoned darts (quivered)
Armour
 e - a +0 leather armour (worn)
Scrolls
 d - a scroll of fear
Potions
 f - a potion of curing {unknown}
 g - a potion of heal wounds {unknown}


   Skills:
 + Level 0.4 Fighting
 - Level 1.0 Short Blades
 - Level 3.0 Throwing
 + Level 0.4 Unarmed Combat
 - Level 1.1 Spellcasting
 + Level 5.5 Transmutations
 + Level 0.6 Poison Magic


You had one spell level left.
You knew the following spells:

 Your Spells              Type           Power      Damage    Failure   Level
a - Sting                 Tmut/Pois      28%        1d4       11%         1

Your spell library contained the following spells:

 Spells                   Type           Power      Damage    Failure   Level
 Passwall                 Tmut/Erth      5%         N/A       19%         2
 Spider Form              Tmut/Pois      7%         N/A       32%         3


Dungeon Overview and Level Annotations

Branches:
Dungeon (1/15)

Altars:


Innate Abilities, Weirdness & Mutations

You cannot be hasted, slowed, berserked, paralysed or teleported.
You can dig through walls and to a lower floor.
You have a pair of large antennae on your head. (SInv)
Your four strong arms can wield two-handed weapons with a shield.


Message History

No target in view!
No target in view!
No target in view!
No target in view!
You open the door.
There is an open door here.
You sense a monster nearby.
A frilled lizard comes into view.
The frilled lizard hisses angrily.
A frilled lizard is nearby!
You hit the frilled lizard.
You kill the frilled lizard!
No target in view!
No target in view!
No target in view!
No target in view!
No target in view!
No target in view!
No target in view!
No target in view!
No target in view!
No target in view!
No target in view!
No target in view!
You sense a monster nearby.
A kobold comes into view.
It is wielding a +0 whip of electrocution.
Found a stone staircase leading down.
The kobold shouts!
A kobold is nearby!
You throw a poisoned dart. The poisoned dart hits the kobold.
The kobold is poisoned.
You throw a poisoned dart.
The poisoned dart closely misses the kobold.
You throw a poisoned dart. The poisoned dart misses the kobold.
The kobold barely misses you.
You throw a poisoned dart. The poisoned dart hits the kobold.
The kobold is severely wounded.
The kobold hits you but does no damage.
You are electrocuted!!
Ouch! That really hurt!
You die...

.. #........##
...........##
#.#######..### ##
............########
>.
..#####.###..##.....
.. ..# #.#
##.......# #. #.#
#.# #...8....
#..#.###.# #..8.8.(#
#...@....# #.8._.8..
#.##K##### #..8.8...
#.# #...8.... #.#
#.......# #(#
#..###### .(.
######.## .#.
#.......## . .
#.####...## #
.####....####


You could see a kobold (poisoned).

Vanquished Creatures
  A ball python (D:1)
  A quokka (D:1)
  A bat (D:1)
  A frilled lizard (D:1)
  A kobold (D:1)
  A rat (D:1)
6 creatures vanquished.

Notes
Turn   | Place    | Note
-------+----------+-------------------------------------------
     0 | D:1      | freelancePsychic the Formicid Wanderer began the quest for
                  | the Orb.
     0 | D:1      | freelancePsychic set off with the following items: a +0
                  | short sword, 14 poisoned darts, a +0 dagger, a scroll of
                  | fear, a +0 leather armour; and the following spell
                  | memorised: Sting; and the following spells available to
                  | memorise: Passwall, Spider Form
     0 | D:1      | Reached XP level 1. HP: 13/13 MP: 2/2
   259 | D:1      | Found a faded altar of an unknown god.
   422 | D:1      | Slain by a kobold

Illustrated notes

Levels and vault maps discovered:
D:1:      minmay_arrival_radiant_lines, layout_loops_corners,
          chequers_ecumenical_altar_simple_redux

Action                   || total
-------------------------++-------
Melee: Short sword       ||    19
Throw: Dart              ||     5
  Use: Scroll            ||     1
Armor: Leather armour    ||    12
Dodge: Dodged            ||    13

Table legend: (Time is in decaauts)
 A = Elapsed time spent in this place.
 B = Non-inter-level travel time spent in this place.
 C = Inter-level travel time spent in this place.
 D = Time resting spent in this place.
 E = Time spent auto-exploring this place.
 F = Levels seen in this place.
 G = Mean time per level.
                   A        B        C        D        E       F      G
               +--------+--------+--------+--------+--------+-----+--------+
         Total |    422 |    422 |      0 |      0 |    363 |   1 |  422.0 |
       Dungeon |    422 |    422 |      0 |      0 |    363 |   1 |  422.0 |
               +--------+--------+--------+--------+--------+-----+--------+

Top non-repeatable levels by time:
     D:1: 422 daAuts
